 Dungeon Crawl Stone Soup version 0.28.0-53-g5a82cb258f (webtiles) character file.

Game seed: 9832318152448461431

35 Nyth the Firebug (level 3, 0/27 HPs)
             Began as a Draconian Fire Elementalist on Aug 8, 2022.
             Succumbed to an adder's poison
             ... on level 2 of the Dungeon.
             The game lasted 00:07:05 (1972 turns).

Nyth the Firebug (Draconian Fire Elementalist)      Turns: 1972, Time: 00:07:06

Health: 0/27       AC:  5    Str: 10    XL:     3   Next: 17%
Magic:  0/6        EV: 12    Int: 15    God:
Gold:   29         SH:  0    Dex: 13    Spells: 3/6 levels left

rFire   . . .      SeeInvis .   g - +0 whip
rCold   . . .      Faith    .   (no shield)
rNeg    . . .      Spirit   .   (armour unavailable)
rPois   .          Reflect  .   (helmet restricted)
rElec   .          Harm     .   (no cloak)
rCorr   .          Rampage  .   (no gloves)
Will    .....                   (no boots)
Stlth   ++........              (no amulet)
HPRegen 0.09/turn               i - ring of wizardry
MPRegen 0.10/turn               k - ring of flight

@: lethally poisoned (0 -> -3), flying
A: AC +5, unfitting armour, cold-blooded
a: no special abilities


You were on level 2 of the Dungeon.
You visited 1 branch of the dungeon, and saw 2 of its levels.

You collected 29 gold pieces.

Inventory:

Hand Weapons
 a - a +0 dagger
 c - a +0 dagger
 g - a +0 whip (weapon)
Missiles
 j - 5 silver javelins
Jewellery
 i - a ring of wizardry (left hand)
 k - a ring of flight (right hand)
Scrolls
 b - 3 scrolls of identify
 e - 2 scrolls of fog
Potions
 d - a potion of heal wounds {unknown}
 f - a potion of flight {unknown}
 h - 2 potions of might {unknown}


   Skills:
 + Level 0.5 Fighting
 + Level 0.2 Maces & Flails
 + Level 2.0 Dodging
 + Level 1.9 Stealth
 + Level 2.2 Spellcasting
 + Level 1.3 Conjurations
 + Level 3.6 Fire Magic


You had 3 spell levels left.
You knew the following spells:

 Your Spells              Type           Power      Damage    Failure   Level
a - Foxfire               Conj/Fire      36%        2x1d5     3%          1
b - Scorch                Fire           24%        2d6       3%          2

Your spell library contained the following spells:

 Spells                   Type           Power      Damage    Failure   Level
 Conjure Flame            Conj/Fire      9%         6-21      10%         3
 Inner Flame              Hex/Fire       7%         N/A       12%         3
 Flame Wave               Conj/Fire      9%         2d5       30%         4


Dungeon Overview and Level Annotations

Branches:
Dungeon (2/15)

Altars:


Innate Abilities, Weirdness & Mutations

Your plain brown scales are hard. (AC +5)
You cannot fit into any form of body armour.
You are cold-blooded and may be slowed by cold attacks.


Message History

You are more poisoned.
The adder poisons you! The adder barely misses you.
You are too injured to fight recklessly!
You are too injured to fight recklessly!
You are too injured to fight recklessly!
You are too injured to fight recklessly!
You hit the adder.
The adder is moderately wounded.
You feel sick. The adder bites you.
You are too injured to fight recklessly!
Sorry, you're not good enough to have a special ability.
Okay, then.
Press: ? - help, v - describe, . - travel The floor, spattered with blood.
Casting: Scorch (safe; 3% risk of failure)
Confirm with . or Enter, or press ? or * to list all spells.
Flames lash the adder.
The adder is severely wounded.
The adder's fire resistance burns away.
* * * LOW HITPOINT WARNING * * *
You feel sick. The adder completely misses you.
The adder bites you but does no damage.
You barely miss the adder.
The adder is severely wounded.
* * * LOW HITPOINT WARNING * * *
You feel sick. The adder bites you.
* * * LOW HITPOINT WARNING * * *
You hit the adder.
You kill the adder!
* * * LOW HITPOINT WARNING * * *
You feel sick.
Your Dodging skill increases to level 2!
You have reached level 3!
Your experience leads to an increase in your attributes!
Increase (S)trength, (I)ntelligence, or (D)exterity?
You feel agile. x2; Your scales feel tougher.
As you read the scroll labelled RAOHAESORE, it crumbles to dust.
It is a scroll of identify.
e - 2 scrolls of fog You die...

###### #############
#.....# ##.....##.....
.......####.............
........##..............
....)...##...........(..
......†.##.......†......
.......@##..............
........................
........##..............
........................
#.....######.....#......
##.###############...###
... #..........####....
.# #†.........# #.###
#######..........####.###


There were no monsters in sight!

Vanquished Creatures
  An adder (D:2)
  3 bats (D:1)
  2 endoplasms (D:1)
  A giant cockroach (D:2)
  3 goblins (D:1)
  3 hobgoblins
  4 kobolds
  5 ball pythons
  A frilled lizard (D:1)
  2 rats
25 creatures vanquished.

Vanquished Creatures (collateral kills)
  7 foxfires (D:1)
7 creatures vanquished.

Vanquished Creatures (others)
  36 foxfires
36 creatures vanquished.

Grand Total: 68 creatures vanquished

Notes
Turn   | Place    | Note
-------+----------+-------------------------------------------
     0 | D:1      | Nyth the Draconian Fire Elementalist began the quest for
                  | the Orb.
     0 | D:1      | Reached XP level 1. HP: 14/14 MP: 3/3
   815 | D:1      | Reached XP level 2. HP: 20/20 MP: 0/5
   977 | D:1      | Found a faded altar of an unknown god.
  1551 | D:1      | Learned a level 2 spell: Scorch
  1971 | D:2      | HP: 1/22 [poisoned by an adder]
  1972 | D:2      | Reached XP level 3. HP: 1/27 MP: 0/6
  1972 | D:2      | Succumbed to an adder's poison

Illustrated notes

Levels and vault maps discovered:
D:1:      psy_arrival_radial01, layout_rooms, shapermc_ecumenical_altar_gd
D:2:      layout_rooms, hex_tiny, minmay_surrounded

Skill      XL: |  1  2 |
---------------+-------+-----
Dodging        | 2 |  2.0
Fighting       | |  0.5
Maces & Flails | |  0.2
Stealth        | |  1.9
Spellcasting   | |  2.2
Conjurations   | |  1.3
Fire Magic     | |  3.6

Action                   || total
-------------------------++-------
Melee: Unarmed           ||     9
       Dagger            ||     5
       Tailslap          ||     3
       Whip              ||    39
 Cast: Foxfire           ||    31
       Scorch            ||     7
  Use: Scroll            ||     1
Armor: Skin              ||    42
Dodge: Dodged            ||    55
